 Dungeon Crawl Stone Soup version 0.29-a0-598-gd8304a5bf4 (webtiles) character file.

Game seed: 10492872176002859980

66780 wingedge the Fighter (level 14, -11/133 HPs)
             Began as a Minotaur Berserker on June 15, 2022.
             Was a High Priest of Trog.
             Killed from afar by Nikola (62 damage)
             ... with an arc of chain lightning
             ... on level 1 of the Swamp.
             The game lasted 01:33:55 (22829 turns).

wingedge the Fighter (Minotaur Berserker)          Turns: 22829, Time: 01:33:56

Health: -11/133    AC: 25    Str: 27    XL:     14   Next: 80%
Magic:  11/22      EV:  9    Int:  4    God:    Trog [*****.]
Gold:   2101       SH: 15    Dex: 20    Spells: 13/13 levels left

rFire   . . .      SeeInvis .   a - +12 short sword of the Living Dead {spect, rC- rCorr Dex+2}
rCold   + . .      Faith    .   c - +1 kite shield
rNeg    + + .      Spirit   .   C - +1 chain mail {rC+}
rPois   +          Reflect  .   k - +2 hat
rElec   .          Harm     .   f - +2 cloak {rPois}
rCorr   +          Rampage  .   g - +1 pair of gloves "Curghyph" {-Cast rC+ rN++ Str+2}
Will    +....      NoCast   +   h - +2 pair of boots
Stlth   +.........              (no amulet)
HPRegen 0.32/turn               G - +6 ring of dexterity
MPRegen 0.18/turn               A - ring of magical power

@: no status effects
A: horns 2, retaliatory headbutt
a: Renounce Religion, Berserk, Trog's Hand, Brothers in Arms


You were on level 1 of the Swamp.
You worshipped Trog.
Trog was extremely pleased with you.
You visited 4 branches of the dungeon, and saw 20 of its levels.
You also visited: Bailey.

You collected 2586 gold pieces.
You spent 485 gold pieces at shops.

Inventory:

Hand Weapons
 a - the +12 short sword of the Living Dead (weapon) {spect, rC- rCorr Dex+2}
   (You found it on level 3 of the Dungeon)

   When its wielder attacks, the weapon's spirit leaps out and strikes again.
   The spirit shares a part of any damage it takes with its wielder.
   Dex:       It affects your dexterity (+2).
   rC:        It makes you vulnerable to cold.
   rCorr:     It protects you from acid and corrosion.
 b - a +0 triple crossbow of electrocution
 F - a +0 arbalest
 I - a +4 rapier
 L - the +4 battleaxe "Kuovau" {holy, rElec rF- Will++ Stlth+}
   (You found it on level 5 of the Lair of Beasts)

   It has been blessed by the Shining One to cause great damage to the undead
   and demons.
   rF:        It makes you vulnerable to fire.
   rElec:     It insulates you from electricity.
   Will:      It greatly increases your willpower.
   Stlth:     It makes you more stealthy.
 T - the +3 longbow of Xocynira {flame, Int+2}
   (You found it on level 10 of the Dungeon)

   Any ammunition fired from it burns those it strikes, dealing additional fire
   damage.
   Int:       It affects your intelligence (+2).
Missiles
 n - 9 javelins (quivered)
 D - a throwing net
Armour
 c - a +1 kite shield (worn)
 f - a +2 cloak of poison resistance (worn)
 g - the +1 pair of gloves "Curghyph" (worn) {-Cast rC+ rN++ Str+2}
   (You acquired it on level 3 of the Lair of Beasts)

   Str:       It affects your strength (+2).
   rC:        It protects you from cold.
   rN:        It greatly protects you from negative energy.
   -Cast:     It prevents spellcasting.
 h - a +2 pair of boots (worn)
 j - a +3 scale mail of positive energy
 k - a +2 hat (worn)
 s - a +1 chain mail of willpower
 x - +0 fire dragon scales
 C - a +1 chain mail of cold resistance (worn)
 R - the +5 plate armour of Gompujago {-Cast Str+4}
   (You found it on level 5 of the Lair of Beasts)

   Str:       It affects your strength (+4).
   -Cast:     It prevents spellcasting.
Jewellery
 w - a ring of poison resistance
 A - a ring of magical power (right hand)
 G - a +6 ring of dexterity (left hand)
 K - the amulet "Duileeg" {Acrobat rElec Int+2 Dex-5}
   (You found it in a bailey)

   [amulet of the acrobat]

   It increases your evasion while moving and waiting.
   Int:       It affects your intelligence (+2).
   Dex:       It affects your dexterity (-5).
   rElec:     It insulates you from electricity.
 W - an amulet of guardian spirit
Wands
 e - a wand of iceblast (3)
 t - a wand of polymorph (5)
 y - a wand of flame (32)
 B - a wand of charming (12)
 N - a wand of acid (15)
 X - a wand of mindburst (11)
Scrolls
 d - a scroll of blinking
 i - a scroll of magic mapping
 m - a scroll of fear {unknown}
 q - 8 scrolls of teleportation
 z - a scroll of enchant weapon {unknown}
 E - 4 scrolls of brand weapon
 V - 2 scrolls of fog {unknown}
 Y - a scroll of poison {unknown}
Potions
 l - a potion of cancellation {unknown}
 o - 5 potions of flight
 u - 3 potions of curing
 v - a potion of invisibility
 H - a potion of resistance
 M - 2 potions of magic
 P - a potion of berserk rage {unknown}
 Q - a potion of mutation {unknown}
 S - a potion of heal wounds
 U - 2 potions of ambrosia {unknown}


   Skills:
 + Level 14.4 Fighting
 + Level 13.3 Short Blades
 - Level 8.0 Axes
 * Level 8.5 Crossbows
 + Level 13.0 Armour
 - Level 2.1 Dodging
 + Level 6.1 Stealth
 + Level 13.8 Shields
 - Level 6.0 Evocations


You had 13 spell levels left.
You didn't know any spells.
Your spell library was empty.

Dungeon Overview and Level Annotations

Branches:
Dungeon (11/15)            Temple (0/1) D:6            Lair (6/6) D:9
  Swamp (1/4) Lair:3       Spider (0/4) Lair:3        Slime (0/5) Lair:6
    Orc (2/2) D:11            Elf (0/3) Orc:2        Bailey (visited)

Altars:
Makhleb
Trog
Jiyva

Shops:
D:1 !   Orc:2 (:[*

Annotations:
Swamp:1 Nikola


Innate Abilities, Weirdness & Mutations

You have a pair of horns on your head.
You reflexively headbutt those who attack you in melee.


Message History

You continue taking off your amulet of guardian spirit.
Nikola casts a spell.
Nikola blinks!
You continue taking off your amulet of guardian spirit. x3
Nikola hits you with a +2 rapier of electrocution.
You finish taking off your amulet of guardian spirit.
You puncture Nikola!
Nikola is lightly wounded.
Your +12 short sword of the Living Dead {spect, rC- rCorr Dex+2} hits Nikola.
Nikola hits you but does no damage.
You puncture Nikola!
Nikola is moderately wounded.
Your +12 short sword of the Living Dead {spect, rC- rCorr Dex+2} hits Nikola.
Nikola hits you but does no damage.
You are electrocuted!
You hit Nikola. You headbutt Nikola!
Nikola is moderately wounded.
Your +12 short sword of the Living Dead {spect, rC- rCorr Dex+2} hits Nikola!
You puncture Nikola!
Nikola is heavily wounded.
Your +12 short sword of the Living Dead {spect, rC- rCorr Dex+2} hits Nikola!
Nikola hits you with a +2 rapier of electrocution!
* * * LOW HITPOINT WARNING * * *
You are electrocuted!
* * * LOW HITPOINT WARNING * * *
You feel much better.
Nikola hits you with a +2 rapier of electrocution.
You puncture Nikola! You headbutt Nikola!
Nikola is severely wounded.
Your +12 short sword of the Living Dead {spect, rC- rCorr Dex+2} hits Nikola!
You puncture Nikola!
Nikola is severely wounded.
Your +12 short sword of the Living Dead {spect, rC- rCorr Dex+2} closely misses Nikola.
Nikola gestures wildly while chanting.
Nikola blinks!
You puncture Nikola! You headbutt Nikola.
Nikola is severely wounded.
Your +12 short sword of the Living Dead {spect, rC- rCorr Dex+2} hits Nikola!
Nikola casts a spell.
Lightning arcs from Nikola's hands!
The bolt of lightning hits you!!!
You die...

≈..♣♣≈.≈≈.♣≈..♣♣♣♣♣♣ ♣≈.≈...
≈≈≈.♣♣.≈§§≈..♣♣ ♣♣..≈..
≈≈≈.♣♣.≈≈≈≈≈≈[≈♣♣♣♣♣ ♣.≈≈..
≈≈.♣♣♣≈≈≈≈≈≈≈..♣≈.≈♣ ♣..... ≈..♣
.....≈≈.♣≈..♣♣♣♣ ♣...≈≈ ..≈♣
♣.....≈≈.......♣ ♣♣...≈§ ♣♣♣♣
≈≈≈≈.≈♣♣≈..≈..≈≈≈♣ ♣♣....≈≈ ♣
♣...≈≈≈..♣♣♣....≈≈.♣ ♣♣.≈≈..≈≈
♣♣§♣♣...≈≈...≈♣≈@§§.≈♣♣♣♣.≈≈...≈≈
.≈♣♣≈≈≈....≈≈..(@..♣♣♣≈...≈≈≈(.≈≈
≈≈≈.≈≈≈>...≈≈≈≈....♣♣≈....≈≈...≈§
≈♣§.≈≈≈≈..≈≈≈≈≈§.♣♣♣♣♣≈.≈.≈......
♣♣♣..≈≈≈≈≈≈≈≈≈....≈♣♣♣♣♣♣........
≈......≈≈.≈≈.≈..≈≈≈.♣ ♣♣♣.≈.≈≈≈..
..≈.≈♣≈....§.♣♣.≈≈≈.♣ ♣.≈...≈≈≈..
≈...♣..≈≈....♣♣.≈≈≈≈≈♣♣≈≈...≈≈§^♣
♣♣≈....§≈..♣♣♣♣≈.≈§..♣♣.≈≈≈...≈≈.


You could see Nikola and a friendly +12 short sword of the Living Dead {spect,
rC- rCorr Dex+2} (summoned).

Vanquished Creatures
  Gastronok (Lair:3)
  An orc warlord (Orc:1)
  Nessos (Lair:6)
  The ghost of Etrinato the Thaumaturge, a journeyman OpIE of Gozag (Orc:1)
  An eleionoma (Swamp:1)
  The ghost of turdburglar the Severer, a journeyman HOFi of Beogh (D:10)
  A fire dragon (Lair:6)
  A great orb of eyes (D:10)
  9 hydras
  A ghost crab (Swamp:1)
  3 two-headed ogres
  2 alligators (Swamp:1)
  A catoblepas (Lair:5)
  Urug (Lair:2)
  4 death yaks (Lair:3)
  3 orc high priests (Orc:2)
  A sun demon (D:10)
  2 goliath frogs (Swamp:1)
  Nergalle (Lair:3)
  A fire crab (Lair:6)
  A swamp dragon (Swamp:1)
  7 orc knights
  A lindwurm (Lair:5)
  A deep elf pyromancer (Bailey)
  4 orc sorcerers (Orc:2)
  A slime creature (D:10)
  A will-o-the-wisp (Swamp:1)
  A cyclops (D:9)
  2 rust devils (D:10)
  5 black mambas
  An orange demon (D:10)
  2 torpor snails
  4 molten gargoyles
  Maggie (D:7)
  6 cane toads
  A gargoyle (D:11)
  3 rime drakes
  10 komodo dragons
  8 trolls
  The ghost of gebbletook2 the Skirmisher, a novice VSFi (D:5)
  A troll (shapeshifter) (D:10)
  2 polar bears
  A tyrant leech (Swamp:1)
  Prince Ribbit (D:5)
  10 blink frogs
  2 hornets
  3 culicivoras (Lair:3)
  4 wyverns
  Eustachio (D:5)
  2 fire bats (Lair:5)
  A wraith (D:11)
  2 fire elementals (Lair:5)
  A vampire (D:10)
  The ghost of attentat the Chopper, an amateur HOFi (D:3)
  23 yaks
  2 vampire mosquitoes (Swamp:1)
  9 basilisks
  A hog (D:8)
  A human (D:8)
  4 steam dragons
  Edmund (D:5)
  6 wargs
  6 swamp worms (Swamp:1)
  17 water moccasins
  5 hell hounds (Lair:6)
  A swamp drake (Lair:3)
  43 orc warriors
  2 sky beasts
  A black bear (D:7)
  2 ice beasts
  9 ogres
  6 wolves (Lair:1)
  4 centaurs
  2 kobold brigands
  8 bullfrogs
  4 gnoll sergeants
  3 scorpions
  4 wights (D:6)
  An orc simulacrum (Orc:1)
  A spectral ogre (Orc:1)
  3 electric eels (Lair:5)
  6 lava snakes
  4 quasits (D:10)
  Crazy Yiuf (D:5)
  A hound (D:6)
  28 orc priests
  A gnoll shaman (D:8)
  A jelly (D:10)
  6 iguanas
  43 orc wizards
  4 spectral orcs (Orc:1)
  14 adders
  28 gnolls
  A white imp (D:7)
  2 ufetubi
  2 worms (D:2)
  The ghost of DocClef the Covert, a weakling GnDe (D:5)
  The ghost of DocClef the Sneak, a weakling DrDe (D:5)
  The ghost of DocClef the Sneak, a weakling DrDe (D:5)
  2 dart slugs
  119 orcs
  5 ball pythons
  5 endoplasms
  3 giant cockroaches
  10 goblins
  5 hobgoblins
  7 jackals
  17 kobolds
  2 quokkas (D:4)
  8 bats
  4 frilled lizards
  6 rats
  A butterfly (Lair:1)
638 creatures vanquished.

Vanquished Creatures (collateral kills)
  An orc warrior (Orc:2)
  An orc (Orc:2)
2 creatures vanquished.

Vanquished Creatures (others)
  An orc priest (Orc:2)
  2 orcs (D:8)
  A kobold (D:8)
  2 foxfires (Swamp:1)
  5 fungi (Lair:6)
  10 plants
21 creatures vanquished.

Grand Total: 661 creatures vanquished

Notes
Turn   | Place    | Note
-------+----------+-------------------------------------------
     0 | D:1      | wingedge the Minotaur Berserker began the quest for the
                  | Orb.
     0 | D:1      | Reached XP level 1. HP: 19/19 MP: 0/0
   310 | D:1      | Reached XP level 2. HP: 19/27 MP: 1/1
   797 | D:1      | Reached skill level 4 in Fighting
   797 | D:1      | Found Hidoc's Distillery.
   918 | D:2      | Reached XP level 3. HP: 33/33 MP: 2/2
  1071 | D:2      | Reached skill level 5 in Axes
  1424 | D:2      | Reached XP level 4. HP: 41/41 MP: 3/3
  1660 | D:3      | Identified the +12 short sword of the Living Dead {spect,
                  | rC- rCorr Dex+2}
  1767 | D:3      | Found a faded altar of an unknown god.
  1801 | D:3      | Reached skill level 1 in Short Blades
  1804 | D:3      | Reached ** piety under Trog
  1805 | D:3      | Reached XP level 5. HP: 45/47 MP: 4/4
  1846 | D:3      | Found a transporter.
  1847 | D:3      | Found a transporter.
  1848 | D:3      | Noticed attentat's ghost (amateur HOFi)
  1849 | D:3      | Noticed an ogre
  1849 | D:3      | Identified the +5 giant club "Spiderslayer" {antimagic, rF-
                  | rC++}
  1849 | D:3      | Noticed an ogre
  1849 | D:3      | Noticed an ogre
  1868 | D:3      | Reached skill level 5 in Fighting
  2849 | D:5      | Entered Level 5 of the Dungeon
  2931 | D:1      | Bought a potion of haste for 100 gold pieces
  2931 | D:1      | Bought a potion of curing for 30 gold pieces
  3063 | D:5      | Noticed Eustachio
  3076 | D:5      | Killed Eustachio
  3077 | D:5      | Reached XP level 6. HP: 56/56 MP: 5/5
  3177 | D:5      | Noticed Edmund
  3189 | D:5      | Killed Edmund
  3315 | D:5      | Noticed Prince Ribbit
  3320 | D:5      | Killed Prince Ribbit
  3321 | D:5      | Reached skill level 6 in Fighting
  3321 | D:5      | Reached skill level 5 in Armour
  3321 | D:5      | Reached XP level 7. HP: 63/63 MP: 6/6
  3388 | D:5      | Found a runed translucent gate.
  3388 | D:5      | Found a runed translucent gate.
  3437 | D:5      | Noticed a hornet
  3444 | D:5      | Killed a hornet
  3445 | D:5      | Reached skill level 5 in Short Blades
  3503 | D:5      | Found a runed translucent door.
  3504 | D:5      | Noticed Crazy Yiuf
  3511 | D:5      | Killed Crazy Yiuf
  3731 | D:5      | Reached XP level 8. HP: 71/71 MP: 7/7
  3908 | D:5      | Found a runed translucent gate.
  3911 | D:5      | Noticed gebbletook2's ghost (novice VSFi)
  3911 | D:5      | Noticed DocClef's ghost (weakling DrDe)
  3912 | D:5      | Noticed DocClef's ghost (weakling DrDe)
  3912 | D:5      | Noticed DocClef's ghost (weakling GnDe)
  3996 | D:3      | Killed attentat's ghost
  3997 | D:3      | Reached skill level 7 in Fighting
  4090 | D:5      | Killed gebbletook2's ghost
  4091 | D:5      | Killed DocClef's ghost
  4092 | D:5      | Killed DocClef's ghost
  4094 | D:5      | Killed DocClef's ghost
  4322 | D:6      | Found a staircase to the Ecumenical Temple.
  4355 | D:6      | Reached skill level 1 in Shields
  4358 | D:6      | Reached XP level 9. HP: 44/79 MP: 8/8
  4599 | D:6      | Reached *** piety under Trog
  5078 | D:6      | Found a burning altar of Makhleb.
  5078 | D:6      | Noticed a green death
  5081 | D:6      | Noticed a hellwing
  5081 | D:6      | Noticed a hellwing
  5611 | D:7      | Noticed a two-headed ogre
  5616 | D:7      | Reached skill level 8 in Fighting
  5621 | D:7      | Killed a two-headed ogre
  5811 | D:7      | Noticed Maggie
  5820 | D:7      | Killed Maggie
  5821 | D:7      | Reached skill level 5 in Shields
  5906 | D:7      | Reached XP level 10. HP: 90/90 MP: 9/9
  5967 | D:7      | Reached skill level 1 in Stealth
  6136 | D:7      | Found a flagged portal.
  6155 | Bailey   | Entered a bailey
  6316 | Bailey   | Noticed an orc knight
  6361 | Bailey   | Killed an orc knight
  6559 | Bailey   | Found a large runed translucent door.
  6559 | Bailey   | Found a large runed translucent door.
  6560 | Bailey   | Noticed a deep elf pyromancer
  6604 | Bailey   | Killed a deep elf pyromancer
  6623 | Bailey   | Identified the amulet "Duileeg" {Acrobat rElec Int+2 Dex-5}
  7055 | D:8      | Identified the +0 scale mail "Bexiot" {Will+}
  7091 | D:8      | Noticed a tengu warrior
  7092 | D:8      | Noticed a deep elf pyromancer
  7095 | D:8      | Noticed a cyclops
  7096 | D:8      | Noticed a skeletal warrior
  7097 | D:8      | Noticed a cyclops
  7154 | D:8      | Reached skill level 9 in Fighting
  7485 | D:8      | Reached skill level 10 in Short Blades
  8541 | D:9      | Reached XP level 11. HP: 88/97 MP: 10/10
  8809 | D:9      | Reached **** piety under Trog
  8818 | D:9      | Found a staircase to the Lair.
  9508 | D:10     | Entered Level 10 of the Dungeon
  9572 | D:10     | Identified the +3 longbow of Xocynira {flame, Int+2}
  9751 | D:10     | Reached skill level 10 in Fighting
  9947 | D:10     | Noticed a sun demon
  9951 | D:10     | Killed a sun demon
 10045 | D:10     | Noticed a two-headed ogre
 10050 | D:10     | Killed a two-headed ogre
 10206 | D:10     | Found a runed translucent gate.
 10206 | D:10     | Found a runed translucent gate.
 10206 | D:10     | Found a runed translucent gate.
 10208 | D:10     | Noticed a great orb of eyes
 10209 | D:10     | Noticed turdburglar's ghost (journeyman HOFi)
 10217 | D:10     | Found a viscous altar of Jiyva.
 10296 | D:10     | You fall into a shaft and drop 1 floor!
 10654 | Lair:1   | Entered Level 1 of the Lair of Beasts
 10669 | Lair:1   | Reached skill level 10 in Armour
 10669 | Lair:1   | Reached skill level 1 in Evocations
 11126 | Lair:1   | Reached skill level 10 in Shields
 11227 | Lair:1   | Reached skill level 11 in Fighting
 11265 | Lair:1   | Reached XP level 12. HP: 110/110 MP: 11/11
 11361 | Lair:1   | Noticed a seven-headed hydra
 11368 | Lair:1   | Killed a seven-headed hydra
 11870 | Lair:2   | Noticed a four-headed hydra
 11875 | Lair:2   | Killed a four-headed hydra
 11994 | Lair:2   | Reached skill level 1 in Crossbows
 12116 | Lair:2   | Noticed Urug
 12125 | Lair:2   | Killed Urug
 12592 | Lair:3   | Noticed Nergalle
 12603 | Lair:3   | Killed Nergalle
 12690 | Lair:3   | Found a hole to the Spider Nest.
 12833 | Lair:3   | Found a staircase to the Swamp.
 12865 | Lair:3   | Noticed a death yak
 12877 | Lair:3   | Killed a death yak
 12878 | Lair:3   | Noticed a death yak
 12878 | Lair:3   | Noticed a death yak
 12878 | Lair:3   | Noticed a death yak
 12883 | Lair:3   | Killed a death yak
 12884 | Lair:3   | Reached skill level 12 in Fighting
 12888 | Lair:3   | Killed a death yak
 12895 | Lair:3   | Killed a death yak
 13164 | Lair:3   | Identified a scroll of acquirement
 13167 | Lair:3   | Acquired the +1 pair of gloves "Curghyph" {-Cast rC+ rN++
                  | Str+2}
 13287 | Lair:3   | Noticed Gastronok
 13306 | Lair:3   | Killed Gastronok
 13704 | Lair:4   | Acquired 501 gold pieces
 13744 | Lair:4   | Reached XP level 13. HP: 119/119 MP: 12/12
 13870 | Lair:4   | Found a runed translucent door.
 14333 | Lair:5   | Identified the +4 battleaxe "Kuovau" {holy, rElec rF-
                  | Will++ Stlth+}
 14465 | Lair:5   | Reached skill level 13 in Fighting
 15275 | Lair:5   | Identified the +5 plate armour of Gompujago {-Cast Str+4}
 15583 | Lair:5   | Reached skill level 5 in Crossbows
 15951 | Lair:6   | Entered Level 6 of the Lair of Beasts
 15959 | Lair:6   | Found a staircase to the Slime Pits.
 16068 | Lair:6   | Noticed Nessos
 16076 | Lair:6   | Killed Nessos
 16180 | Lair:6   | Reached ***** piety under Trog
 16297 | Lair:6   | Found a large runed translucent door.
 16298 | Lair:6   | Found a large runed translucent door.
 16302 | Lair:6   | Noticed a fire dragon
 16357 | Lair:6   | Reached skill level 5 in Evocations
 16918 | Lair:6   | Killed a fire dragon
 18115 | D:10     | Reached skill level 5 in Stealth
 18129 | D:10     | Killed turdburglar's ghost
 18130 | D:10     | Reached XP level 14. HP: 130/130 MP: 13/13
 18448 | D:11     | Found a staircase to the Orcish Mines.
 18456 | Orc:1    | Entered Level 1 of the Orcish Mines
 19095 | Orc:1    | Found a runed translucent gate.
 19095 | Orc:1    | Found a runed translucent gate.
 19097 | Orc:2    | Entered Level 2 of the Orcish Mines
 19123 | Orc:1    | Found a runed translucent gate.
 19222 | Orc:1    | Noticed Etrinato's ghost (journeyman OpIE)
 19269 | Orc:1    | Killed Etrinato's ghost
 19351 | Orc:1    | Reached skill level 14 in Fighting
 19370 | Orc:1    | Found a bloodstained altar of Trog.
 19819 | Orc:2    | Received a gift from Trog
 20211 | Orc:2    | Found a staircase to the Elven Halls.
 20315 | Orc:2    | Noticed an orc warlord
 20369 | Orc:2    | HP: 4/132 [orc priest/divine providence (12)]
 20874 | Orc:1    | Killed an orc warlord
 21541 | Orc:2    | Found Guohoth's General Store.
 21542 | Orc:2    | Found Nomoni's Book Emporium.
 21544 | Orc:2    | Found Wadwud's Antique Armour Emporium.
 21544 | Orc:2    | Found Guhiwkoe's Antique Weapon Shoppe.
 21550 | Orc:2    | Bought an ichor-stained buckler for 313 gold pieces
 21550 | Orc:2    | Identified the +0 buckler of Somewhere Else {rC+ rCorr MP+9
                  | Int-4} (You bought it in a shop on level 2 of the Orcish
                  | Mines)
 21559 | Orc:2    | Bought a scroll of teleportation for 42 gold pieces
 21985 | Swamp:1  | Entered Level 1 of the Swamp
 22209 | Swamp:1  | Received a gift from Trog
 22781 | Swamp:1  | Noticed Nikola
 22829 | Swamp:1  | Killed from afar by Nikola

Illustrated notes

Levels and vault maps discovered:
D:1:      mrwooster_arrival_statue_2, layout_rooms, serial_shops, shop,
          minmay_pentomino_q2
D:2:      layout_rooms
D:3:      layout_basic, gammafunk_ghost_smash, basic_ecumenical_altar,
          minmay_misc_feat_columns, hex_intersection
D:4:      nicolae_cairo_tiling, layout_basic
D:5:      layout_basic, gammafunk_ghost_cemetery, uniq_eustachio, uniq_edmund,
          uniq_prince_ribbit1, uniq_crazy_yiuf_cottage
D:6:      layout_layer_cave, makhleb_altar_promises_db,
          minmay_temple_entry_ruins
D:7:      layout_loops_ring, enter_bailey_5, st_stairs_10, uniq_maggie
D:8:      layout_layer_cave, grunt_livestock, chequers_garden,
          onia_ninara_dug_in_and_dangerous
D:9:      layout_gridville, erik_lair_orcish_takeover
D:10:     layout_stronghold, gammafunk_ghost_ooze, serial_demonic,
          serial_demonic_a, serial_demonic_a, serial_demonic_e,
          serial_demonic_b, serial_demonic_a, serial_demonic_f
D:11:     layout_basic, erik_orc_3
Lair:1:   layout_cellular_growth, minmay_shattered_shrine, grunt_megastairs_3,
          lemuel_fruit_fields
Lair:2:   layout_roguey, grunt_megastairs_4, infiniplex_staircase_pool_2,
          uniq_urug
Lair:3:   layout_big_grid, minmay_swamp_entry_reptiles,
          hellmonk_spider_entry_life_and_decay, uniq_nergalle, uniq_gastronok
Lair:4:   layout_regular_city, pf_torpor_hydra
Lair:5:   layout_gridlike, lemuel_fruit_tree
Lair:6:   cheibrodos_lair_end_hotspot, layout_cave_pods,
          dpeg_slime_entry_corner, uniq_nessos
Swamp:1:  layout_basic_swamp, serial_swamp_ruin, evilmike_swamp_ruin_rubble_1,
          evilmike_swamp_ruin_rubble_2, evilmike_swamp_ruin_house_6, uniq_nikola
Orc:1:    layout_caves, gammafunk_ghost_necromancy, basic_altar
Orc:2:    st_orc_congregation, layout_diamond_mine, gauntlet_entry_generic

Skill      XL: |  1  2  3  4  5  6  7  8  9 10 11 12 13 14 |
---------------+-------------------------------------------+-----
Axes           | 4 5 7 8 |  8.0
Fighting       | 4 5 6 7 8 9 11 12 13 14 | 14.4
Short Blades   | 1 3 4 5 7 8 10 11 12 13 | 13.3
Armour         | 4 5 6 7 8 9 10 11 12 13 | 13.0
Shields        | 1 5 7 10 12 13 | 13.8
Stealth        | 3 4 5 6 |  6.1
Evocations     | 1 3 5 6 |  6.0
Crossbows      | 3 6 8 |  8.5
Dodging        | |  2.1

Action                   |  1- 3 |  4- 6 |  7- 9 | 10-12 | 13-15 || total
-------------------------+-------+-------+-------+-------+-------++-------
Melee: Hand axe          |    68 |    24 |       |       |       ||    92
       Headbutt          |     6 |    10 |    22 |   113 |   198 ||   349
       Short sword       |       |    60 |   122 |   440 |   721 ||  1343
       Battleaxe         |       |       |       |       |    30 ||    30
 Fire: Triple crossbow   |       |       |       |       |     8 ||     8
Throw: Throwing net      |       |       |     1 |       |       ||     1
       Javelin           |       |       |       |     6 |     1 ||     7
Invok: Berserk           |     5 |     2 |     2 |    10 |     8 ||    27
       Trog's Hand       |       |     1 |     5 |    12 |    16 ||    34
       Brothers in Arms  |       |       |       |       |     1 ||     1
Evoke: Wand              |       |       |     1 |     5 |     2 ||     8
  Use: Scroll            |       |    12 |     1 |     9 |    12 ||    34
       Potion            |       |       |       |     5 |     5 ||    10
 Stab: Distracted        |       |       |     1 |    10 |    15 ||    26
Armor: Leather armour    |    10 |     9 |       |     1 |     9 ||    29
       Animal skin       |     2 |       |       |       |       ||     2
       Chain mail        |    23 |    38 |    61 |   181 |   311 ||   614
       Fire dragon scale |       |       |       |       |     6 ||     6
       Scale mail        |       |       |       |       |     7 ||     7
Dodge: Dodged            |    29 |    37 |    31 |    87 |   189 ||   373
Block: Kite shield       |       |       |    14 |   175 |   380 ||   569

Table legend: (Time is in decaauts)
 A = Elapsed time spent in this place.
 B = Non-inter-level travel time spent in this place.
 C = Inter-level travel time spent in this place.
 D = Time resting spent in this place.
 E = Time spent auto-exploring this place.
 F = Levels seen in this place.
 G = Mean time per level.
                   A        B        C        D        E       F      G
               +--------+--------+--------+--------+--------+-----+--------+
         Total |  22706 |  21309 |   1397 |   4805 |  11609 |  21 | 1081.2 |
       Dungeon |  11136 |  10274 |    862 |   2316 |   5423 |  11 | 1012.4 |
          Lair |   7330 |   6934 |    396 |   1180 |   4527 |   6 | 1221.7 |
         Swamp |    840 |    840 |      0 |    129 |    509 |   1 |  840.0 |
  Orcish Mines |   2816 |   2678 |    138 |    875 |   1078 |   2 | 1408.0 |
        Bailey |    582 |    582 |      0 |    303 |     70 |   1 |  582.0 |
               +--------+--------+--------+--------+--------+-----+--------+

Top non-repeatable levels by time:
  Lair:6: 1818 daAuts
  Lair:5: 1725 daAuts
     D:8: 1578 daAuts
   Orc:2: 1463 daAuts
   Orc:1: 1352 daAuts
     D:6: 1330 daAuts
  Lair:1: 1237 daAuts
     D:9: 1212 daAuts
    D:10: 1191 daAuts
     D:5: 1091 daAuts
     D:1: 1088 daAuts
  Lair:3: 1053 daAuts
 Swamp:1: 840 daAuts
     D:7: 802 daAuts
     D:3: 775 daAuts
